 Dungeon Crawl Stone Soup version 0.30-a0-219-gf2db51d15e (webtiles) character file.

Game seed: 768975293065763408

3766 Jannitor the Covert (level 9, -3/154 HPs)
             Began as an Armataur Chaos Knight on Oct 7, 2022.
             Was a Plaything of Xom.
             Slain by an orc
             ... wielding a +0 trident
              (4 damage)
             ... on level 8 of the Dungeon.
             The game lasted 00:11:10 (7380 turns).

Jannitor the Covert (Armataur Chaos Knight)         Turns: 7380, Time: 00:11:11

Health: -3/154     AC: 24    Str: 17      XL:     9   Next: 94%
Magic:  9/9        EV:  1    Int:  9 (11) God:    Xom [..*...]
Gold:   451        SH:  0    Dex: 12      Spells: 8/8 levels left

rFire   . . .      SeeInvis .    A - +2 dagger (elec)
rCold   . . .      Faith    +    (no shield)
rNeg    . . .      Spirit   .    (body armour currently unavailable)
rPois   +          Reflect  .    (helmet currently unavailable)
rElec   .          Harm     .    (cloak currently unavailable)
rCorr   .          Roll     +    (gloves currently unavailable)
Will    .....      NoTele   +    (no barding)
Stlth   ..........               x - amulet of faith
HPRegen 0.45/turn                (no ring)
MPRegen 0.11/turn                (no ring)

@: brilliant, berserking, tree-form, studying Throwing, invisible, very quick
A: stationary, stasis, torment immunity, boosted hp, large, rugged brown scales
3, (deformed body), (armoured tail), roll, long tongue, awkward tongue,
(iridescent scales 2), clumsy 1, deterioration 1, dopey 1, frail 2
a: Renounce Religion


You were on level 8 of the Dungeon.
You worshipped Xom.
You were a toy of Xom.
You were a tree.
You visited 1 branch of the dungeon, and saw 8 of its levels.
You also visited: Ossuary.

You collected 451 gold pieces.

Inventory:

Hand Weapons
 a - a +0 short sword of electrocution
 m - a +2 dagger of venom
 A - a +2 dagger of electrocution (weapon)
Missiles
 y - 6 atropa-tipped darts
 C - 6 javelins
 K - 2 boomerangs
 M - 9 poisoned darts (quivered)
Armour
 e - a +0 pair of gloves (melded)
 f - a +1 cloak (melded)
 n - a +2 hat (melded)
 I - +1 steam dragon scales (melded)
Jewellery
 d - a ring of fire
 k - a ring of ice
 t - a ring of fire
 x - an amulet of faith (around neck)
 J - a ring of fire
 N - a ring of flight
Wands
 r - a wand of digging (11)
 B - a wand of iceblast (5)
 H - a wand of mindburst (12)
Scrolls
 b - 5 scrolls of identify
 h - 2 scrolls of poison
 j - a scroll of torment {unknown}
 o - a scroll of teleportation
 p - a scroll of vulnerability {unknown}
 q - a scroll of fear
 F - a scroll of butterflies {unknown}
 L - 2 scrolls of amnesia {unknown}
 P - a scroll of magic mapping
Potions
 g - a potion of attraction {unknown}
 i - a potion of brilliance
 l - a potion of invisibility
 s - 2 potions of lignification
 u - 2 potions of resistance {unknown}
 v - 2 potions of degeneration {unknown}
 w - 2 potions of berserk rage
 D - 2 potions of mutation {unknown}
 E - a potion of flight {unknown}
 G - 2 potions of heal wounds {unknown}
 O - a potion of cancellation {unknown}
Miscellaneous
 c - a piece from Xom's chessboard (15/15)


   Skills:
 + Level 7.7 Fighting
 + Level 7.6 Short Blades
 + Level 5.7 Throwing
 - Level 2.4 Armour
 - Level 0.6 Dodging
 + Level 9.3 Stealth


You had 8 spell levels left.
You didn't know any spells.
Your spell library contained the following spells:

 Spells                   Type           Power      Damage    Failure   Level
 Apportation              Tloc           0%         N/A       38%         1
 Necrotise                Necr           0%         1d4       38%         1
 Summon Small Mammal      Summ           0%         N/A       38%         1
 Sublimation of Blood     Necr           0%         N/A       52%         2
 Wereblood                Tmut           0%         N/A       52%         2
 Summon Hydra             Summ           0%         N/A       100%        7


Dungeon Overview and Level Annotations

Branches:
Dungeon (8/15)             Temple (0/1) D:7         Ossuary (visited)
   Lair: D:8-11

Altars:
Gozag
Nemelex Xobeh
Ru
Xom


Innate Abilities, Weirdness & Mutations

You are a tree.
Your roots penetrate the ground, keeping you stationary.
You cannot be teleported.
You are immune to unholy pain and torment.
Your maximum health is greatly increased.
Your equipment is partially melded.
(You are completely covered in rugged brown scales. (AC +3, +7% HP))
((Armour fits poorly on your strangely shaped body.))
((You have a long armoured tail.))
You roll when moving toward enemies. (Rampage)
Your long tongue fully drains potion bottles. (2x potion effects)
Your tongue gives you trouble enunciating. (1.5x scroll delay)
((You are mostly covered in iridescent scales. (AC +4)))
You are clumsy. (Dex -2)
Your body sometimes deteriorates upon taking damage.
You are dopey. (Int -2)
You are very frail. (-20% HP)


Message History

Your +1 cloak melds into your body.
Your +2 hat melds into your body.
Your +0 pair of gloves melds into your body.
Your +1 steam dragon scales melds into your body.
Your roots penetrate the ground.
The orc hits you but does no damage.
The orc warrior hits you with a +0 morningstar.
* * * LOW HITPOINT WARNING * * *
The orc hits you with a +0 hand axe.
* * * LOW HITPOINT WARNING * * *
Unknown command.
Unknown command.
It was a potion of invisibility.
You fade into invisibility!
Xom roars with laughter!
The orc hits you but does no damage.
The orc warrior hits you but does no damage.
The orc hits you but does no damage.
It was a potion of berserk rage.
A red film seems to cover your vision as you go berserk!
You feel yourself moving faster!
You feel mighty! The orc hits you but does no damage.
The orc warrior hits you with a +0 morningstar.
* * * LOW HITPOINT WARNING * * *
The orc hits you but does no damage.
Unknown command.
You strike the helpless orc warrior from behind!
You impale the orc warrior!!
You kill the orc warrior!
You catch the helpless orc completely off-guard!
You impale the orc!!
You kill the orc!
The orc hits you but does no damage.
You puncture the orc!
You kill the orc!
The orc hits you from afar with a +0 trident.
* * * LOW HITPOINT WARNING * * *
You feel a strong urge to attack something.
An orc priest comes into view. It is wielding a +0 dagger.
An orc comes into view. It is wielding a +0 dagger.
The orc hits you from afar with a +0 trident.
You die...

_.... ###.#####.....#..
......#...○##.○...○.o○.
...........°......°°.o.
...............°..°○°.
...............○....#
.........°.°°°.°...##
.........○°...○○.○○○#
....#...##○○°.o).°.###..
....#..##....°.)♣......°
....#.. #......######°.○
....#. #.°°○<.## ....
.....#.○.# ...
....#○°... ....#○.....
... ##..... .. ###....
###..


You could see an orc priest (wandering, unable to see you) and 2 orcs.

Vanquished Creatures
  A hornet (D:6)
  A yak (D:8)
  3 steam dragons (D:6)
  3 ice beasts
  A sky beast (D:6)
  3 ogres
  An orc warrior (D:8)
  2 black bears (D:6)
  A centaur (D:7)
  A phantom (D:5)
  2 kobold brigands (D:7)
  Blork the orc (D:4)
  A necrophage (D:4)
  2 scorpions
  2 water moccasin zombies (Ossuary)
  A wight (D:6)
  5 jellies
  6 hounds
  4 orc priests
  2 gnoll boudas
  7 orc wizards
  Natasha (thrice) (D:2)
  5 iguanas
  2 mummies (Ossuary)
  7 gnolls
  11 adders
  3 white imps
  2 ufetubi
  4 adder zombies (Ossuary)
  A dart slug (D:5)
  2 worms (D:3)
  33 orcs
  7 ball pythons
  8 endoplasms
  2 giant cockroaches (D:1)
  10 hobgoblins
  9 jackals
  16 kobolds
  6 quokkas
  4 bats
  5 frilled lizards
  4 gnoll zombies (Ossuary)
  7 goblins
  5 hobgoblin zombies (Ossuary)
  4 kobold zombies (Ossuary)
  7 orc zombies (Ossuary)
  12 rats
229 creatures vanquished.

Vanquished Creatures (collateral kills)
  An orc warrior (D:7)
  An orc wizard (D:8)
  An orc (D:7)
3 creatures vanquished.

Vanquished Creatures (others)
  A dancing weapon (D:8)
  An orc zombie (D:3)
  3 plants (D:1)
5 creatures vanquished.

Grand Total: 237 creatures vanquished

Notes
Turn   | Place    | Note
-------+----------+-------------------------------------------
     0 | D:1      | Jannitor the Armataur Chaos Knight began the quest for the
                  | Orb.
     0 | D:1      | Reached XP level 1. HP: 19/19 MP: 1/1
   208 | D:1      | Reached skill level 1 in Stealth
   214 | D:1      | Reached XP level 2. HP: 16/26 MP: 2/2
   682 | D:1      | Reached XP level 3. HP: 33/33 MP: 3/3
   702 | D:1      | XOM: give mutations
   702 | D:1      | Gained mutation: You are frail. (-10% HP) [Xom's mischief]
   702 | D:1      | Gained mutation: You are very frail. (-20% HP) [Xom's
                  | mischief]
   702 | D:1      | Gained mutation: You are partially covered in iridescent
                  | scales. (AC +2) [Xom's mischief]
   702 | D:1      | Gained mutation: Your body sometimes deteriorates upon
                  | taking damage. [Xom's mischief]
  1062 | D:2      | XOM: summons 2 hostile shadow creatures
  1076 | D:2      | XOM: give mutations
  1076 | D:2      | Gained mutation: You are dopey. (Int -2) [Xom's mischief]
  1076 | D:2      | Gained mutation: You are clumsy. (Dex -2) [Xom's mischief]
  1076 | D:2      | Gained mutation: You are mostly covered in iridescent
                  | scales. (AC +4) [Xom's mischief]
  1081 | D:2      | Reached skill level 2 in Stealth
  1083 | D:2      | XOM: smoke on damage
  1280 | D:2      | Reached XP level 4. HP: 33/33 MP: 4/4
  1368 | D:2      | Found a faded altar of an unknown god.
  1492 | D:2      | XOM: cast spell 'Olgreb's Toxic Radiance'
  1572 | D:2      | Noticed Natasha
  1572 | D:2      | XOM: 6-stop teleportation journey
  1579 | D:2      | Killed Natasha
  1626 | D:2      | Reached skill level 3 in Stealth
  1674 | D:2      | Noticed Natasha
  1691 | D:2      | Killed Natasha
  1692 | D:2      | Reached XP level 5. HP: 37/40 MP: 5/5
  1880 | D:2      | Noticed Natasha
  1889 | D:2      | Killed Natasha
  2028 | D:3      | XOM: smoke on damage
  2450 | D:3      | XOM: god gift: +2 hat
  2509 | D:3      | XOM: noise
  2533 | D:3      | XOM: blink monster(s)
  2537 | D:3      | Reached skill level 4 in Stealth
  2537 | D:3      | Reached XP level 6. HP: 38/45 MP: 6/6
  2814 | D:3      | XOM: silly message
  3070 | D:4      | XOM: god gift: great mace {god gift}
  3136 | D:4      | XOM: polymorph kobold -> hobgoblin
  3198 | D:4      | Noticed Blork the orc
  3217 | D:4      | Killed Blork the orc
  3296 | D:4      | Reached skill level 5 in Stealth
  3296 | D:4      | Reached XP level 7. HP: 52/52 MP: 7/7
  3581 | D:4      | XOM: divination: magic mapping
  3591 | D:4      | Reached skill level 5 in Fighting
  3591 | D:4      | Reached skill level 5 in Short Blades
  4035 | D:5      | Entered Level 5 of the Dungeon
  4083 | D:5      | XOM: smoke on damage
  4143 | D:5      | XOM: divination: magic mapping
  4239 | D:5      | Reached skill level 6 in Stealth
  4447 | D:5      | Reached XP level 8. HP: 40/60 MP: 8/8
  4617 | D:5      | Found an opulent altar of Gozag.
  4617 | D:5      | Found a sparkling altar of Nemelex Xobeh.
  4832 | D:5      | XOM: scenery: summon butterflies
  4979 | D:6      | Noticed a hornet
  4982 | D:6      | Killed a hornet
  4983 | D:6      | Reached skill level 7 in Stealth
  5099 | D:6      | Identified the +11 trident "Sior" {vorpal, rPois rC+}
  5248 | D:6      | Reached skill level 1 in Throwing
  5458 | D:6      | Reached skill level 8 in Stealth
  5458 | D:6      | Reached XP level 9. HP: 67/67 MP: 9/9
  5821 | D:6      | XOM: summons 1 hostile shadow creature
  6022 | D:7      | Found a staircase to the Ecumenical Temple.
  6087 | D:7      | XOM: 1-stop teleportation journey
  6124 | D:7      | Found a sacrificial altar of Ru.
  6206 | D:7      | Found a sand-covered staircase.
  6215 | Ossuary  | Entered an ossuary
  6419 | D:7      | XOM: silly message
  6466 | D:7      | Reached skill level 5 in Throwing
  6467 | D:7      | Reached skill level 9 in Stealth
  6621 | D:7      | XOM: confuse monster(s)
  6669 | D:7      | XOM: noise
  6896 | D:7      | XOM: cleaving
  7045 | D:7      | XOM: divination: detect items
  7107 | D:7      | XOM: give mutations
  7107 | D:7      | Gained mutation: You are very dopey. (Int -4) [Xom's
                  | mischief]
  7107 | D:7      | Lost mutation: You are very dopey. (Int -4) [Xom's
                  | mischief]
  7211 | D:8      | XOM: summons 9 friendly demons
  7222 | D:8      | XOM: 3-stop teleportation journey
  7229 | D:8      | XOM: enchant monster (good)
  7234 | D:8      | XOM: scenery: create altars
  7240 | D:8      | XOM: fog
  7255 | D:8      | XOM: potion effect (haste)
  7261 | D:8      | XOM: cleaving
  7264 | D:8      | XOM: confuse monster(s)
  7359 | D:8      | XOM: cast spell 'Call Canine Familiar'
  7372 | D:8      | HP: 5/103 [orc warrior/+0 morningstar (5)]
  7372 | D:8      | HP: 2/103 [orc/+0 hand axe (3)]
  7378 | D:8      | HP: 1/154 [orc/+0 trident (1)]
  7380 | D:8      | Slain by an orc

Illustrated notes

Levels and vault maps discovered:
D:1:      heliophobic_arrival_ceremonial_halls, layout_loops_ring,
          serial_forest, infiniplex_forest_clump_small, infiniplex_forest_pool,
          infiniplex_forest_straight_2, infiniplex_forest_clump_tiny,
          infiniplex_forest_clump_medium, infiniplex_forest_clump_diagonal,
          infiniplex_forest_clump_diagonal, infiniplex_forest_clump_cross,
          minivault_19
D:2:      layout_loops_corners, shapermc_ecumenical_altar_ellora, uniq_natasha
D:3:      layout_basic, kennysheep_orc_chapel
D:4:      kb_forest_paths, layout_basic, kennysheep_generic_room_11,
          uniq_blork_the_orc
D:5:      layout_basic, grunt_temple_overflow_opulence
D:6:      cheibrodos_steamvent, layout_rooms, serial_glass, glass_columns_a,
          glass_columns_c, minmay_manual_monstrance
D:7:      layout_gridville, general_overflow_altar,
          minmay_temple_entry_statues_fountains, nicolae_ossuary_entry_ruins
D:8:      layout_cave_pools

Skill      XL: |  1  2  3  4  5  6  7  8  9 |
---------------+----------------------------+-----
Stealth        | 1 2 3 4 5 6 8 9 |  9.3
Fighting       | 3 4 5 6 7 |  7.7
Short Blades   | 3 4 5 6 7 |  7.6
Throwing       | 2 5 |  5.7
Armour         | |  2.4
Dodging        | |  0.6

Action                   |  1- 3 |  4- 6 |  7- 9 || total
-------------------------+-------+-------+-------++-------
Melee: Short sword       |   131 |   136 |       ||   267
       Tailslap          |    12 |    28 |    88 ||   128
       Punch             |     1 |     1 |     7 ||     9
       Dagger            |       |   143 |   475 ||   618
Throw: Dart              |       |       |     3 ||     3
Evoke: Wand              |       |       |     4 ||     4
  Use: Potion            |       |     1 |     9 ||    10
       Scroll            |       |       |    12 ||    12
 Stab: Confused          |     1 |       |     1 ||     2
       Sleeping          |     2 |     4 |    30 ||    36
       Paralysed         |       |     1 |       ||     1
       Petrifying        |       |     2 |       ||     2
       Petrified         |       |     1 |       ||     1
       Distracted        |       |       |     1 ||     1
       Invisible         |       |       |     2 ||     2
Armor: Leather armour    |    55 |   150 |    57 ||   262
       Steam dragon scal |       |       |   198 ||   198
       Skin              |       |       |     7 ||     7
Dodge: Dodged            |    36 |   111 |   193 ||   340

Table legend: (Time is in decaauts)
 A = Elapsed time spent in this place.
 B = Non-inter-level travel time spent in this place.
 C = Inter-level travel time spent in this place.
 D = Time resting spent in this place.
 E = Time spent auto-exploring this place.
 F = Levels seen in this place.
 G = Mean time per level.
                   A        B        C        D        E       F      G
               +--------+--------+--------+--------+--------+-----+--------+
         Total |   7161 |   6986 |    175 |    316 |   5165 |   9 |  795.7 |
       Dungeon |   7030 |   6855 |    175 |    316 |   5101 |   8 |  878.8 |
       Ossuary |    130 |    130 |      0 |      0 |     64 |   1 |  130.0 |
               +--------+--------+--------+--------+--------+-----+--------+

Top non-repeatable levels by time:
     D:7: 1138 daAuts
     D:4: 1071 daAuts
     D:5: 1000 daAuts
     D:1: 990 daAuts
     D:2: 986 daAuts
     D:3: 928 daAuts
     D:6: 769 daAuts
     D:8: 144 daAuts
 Ossuary: 130 daAuts
